 Dungeon Crawl Stone Soup version 0.29-a0-40-g8eb35efe60 (webtiles) character file.

Game seed: 7564062154879086854

7 neva315 the Cudgeller (level 2, 0/24 HPs)
             Began as a Human Cinder Acolyte on Feb 1, 2022.
             Was a High Priest of Ignis.
             Slain by an adder (5 damage)
             ... on level 2 of the Dungeon.
             The game lasted 00:02:10 (318 turns).

neva315 the Cudgeller (Human Cinder Acolyte)         Turns: 318, Time: 00:02:11

Health: 0/24       AC:  2    Str: 14    XL:     2   Next: 5%
Magic:  1/3        EV: 11    Int: 14    God:    Ignis [*****.]
Gold:   17         SH:  0    Dex:  8    Spells: 1/3 levels left

rFire   + . .      SeeInvis .   a - -1 mace (flame)
rCold   . . .      Faith    .   (no shield)
rNeg    . . .      Spirit   .   b - +0 robe
rPois   .          Reflect  .   (no helmet)
rElec   .          Harm     .   (no cloak)
rCorr   .          Rampage  .   (no gloves)
Will    .....                   (no boots)
Stlth   +.........              (no amulet)
HPRegen 0.08/turn               (no ring)
MPRegen 0.08/turn               (no ring)

@: no status effects
A: no striking features
a: Renounce Religion, Fiery Armour, Foxfire Swarm, Rising Flame


You were on level 2 of the Dungeon.
You worshipped Ignis.
Ignis was extremely pleased with you.
You visited 1 branch of the dungeon, and saw 2 of its levels.

You collected 17 gold pieces.

Inventory:

Hand Weapons
 a - a -1 mace of flaming (weapon)
Missiles
 c - 25 sling bullets
Armour
 b - a +0 robe (worn)


   Skills:
 + Level 3.1 Fighting
 + Level 3.2 Maces & Flails
 + Level 1.0 Spellcasting
 + Level 3.1 Fire Magic


You had one spell level left.
You knew the following spells:

 Your Spells              Type           Power      Damage    Failure   Level
a - Scorch                Fire           18%        2d5       11%         2

Your spell library contained the following spells:

 Spells                   Type           Power      Damage    Failure   Level


Dungeon Overview and Level Annotations

Branches:
Dungeon (2/15)

Altars:


Message History

Confirm with . or Enter, or press ? or * to list all spells.
Flames lash the adder.
The adder is severely wounded.
The adder's fire resistance burns away.
The adder misses you.
You miss the adder.
The adder is severely wounded.
The adder bites you.
You are poisoned.
The adder poisons you!
You closely miss the adder.
The adder is severely wounded.
You feel sick. The adder bites you but does no damage. The adder misses you.
You barely miss the adder.
The adder is severely wounded.
You feel sick. The adder barely misses you. x2
You closely miss the adder.
The adder is severely wounded.
You feel sick.
The adder is no longer more vulnerable to fire.
The adder closely misses you.
You barely miss the adder.
The adder is severely wounded.
You feel sick. The adder closely misses you.
The adder bites you but does no damage.
You hit the adder but do no damage.
The adder is severely wounded.
You feel sick.
You are no longer poisoned.
The adder bites you.
* * * LOW HITPOINT WARNING * * *
You barely miss the adder.
The adder is severely wounded.
The adder misses you. The adder bites you but does no damage.
You miss the adder.
The adder is severely wounded.
The adder closely misses you. x2
You barely miss the adder.
The adder is severely wounded.
The adder bites you.
You die...

.# #. #.# #.# #.###
#.#. ....# #########
#.#.##.#.# #.......#
#.#....#.######.......#
#.###..#.#...##.......#
#......#.#...##.......#
#..#..........'@S.....+
#..#...#.######.......#
##.†#.#.#.# #.......#
....#...... ..#######
###.###.##.. #.# # #.#
... ... #.# # #.##...
.### #.# # #.#.... .#
#.# # #.#


You could see an adder.

Vanquished Creatures
  A dart slug (D:2)
  A bat (D:1)
  An endoplasm (D:1)
  2 ball pythons (D:1)
5 creatures vanquished.

Notes
Turn   | Place    | Note
-------+----------+-------------------------------------------
     0 | D:1      | neva315 the Human Cinder Acolyte began the quest for the
                  | Orb.
     0 | D:1      | Reached XP level 1. HP: 18/18 MP: 2/2
   289 | D:2      | Reached XP level 2. HP: 19/24 MP: 3/3
   295 | D:2      | Learned a level 2 spell: Scorch
   318 | D:2      | Slain by an adder

Illustrated notes

Levels and vault maps discovered:
D:1:      nicolae_arrival_somewhat_less_tricky_arrival, layout_loops_corners,
          serial_shops, nicolae_shop_trees
D:2:      layout_basic, chequers_ecumenical_altar_island, basic_altar,
          uniq_natasha, uniq_jessica, uniq_robin, uniq_terence

Action                   || total
-------------------------++-------
Melee: Mace              ||    19
 Cast: Scorch            ||     1
Armor: Robe              ||     7
Dodge: Dodged            ||    16

Table legend: (Time is in decaauts)
 A = Elapsed time spent in this place.
 B = Non-inter-level travel time spent in this place.
 C = Inter-level travel time spent in this place.
 D = Time resting spent in this place.
 E = Time spent auto-exploring this place.
 F = Levels seen in this place.
 G = Mean time per level.
                   A        B        C        D        E       F      G
               +--------+--------+--------+--------+--------+-----+--------+
         Total |    322 |    322 |      0 |      0 |      0 |   2 |  161.0 |
       Dungeon |    322 |    322 |      0 |      0 |      0 |   2 |  161.0 |
               +--------+--------+--------+--------+--------+-----+--------+

Top non-repeatable levels by time:
     D:1: 279 daAuts
     D:2: 43 daAuts
